 Dungeon Crawl Stone Soup version 0.30-a0-368-g86fb4627a9 (webtiles) character file.

Game seed: 15748844863286651132

142 Tocho the Slasher (level 5, 0/41 HPs)
             Began as a Human Fighter on Nov 20, 2022.
             Slain by a black bear (2 damage)
             ... on level 3 of the Dungeon.
             The game lasted 00:03:58 (1633 turns).

Tocho the Slasher (Human Fighter)                   Turns: 1633, Time: 00:03:59

Health: 0/41       AC:  6    Str: 16    XL:     5   Next: 49%
Magic:  5/5        EV:  8    Int: 10    God:
Gold:   122        SH:  4    Dex: 13    Spells: 3/4 levels left

rFire   . . .      SeeInvis .    a - +0 long sword
rCold   . . .      Faith    .    c - +0 buckler
rNeg    . . .      Spirit   .    b - +0 scale mail
rPois   .          Reflect  .    (no helmet)
rElec   .          Harm     .    (no cloak)
rCorr   .          Rampage  .    (no gloves)
Will    .....                    (no boots)
Stlth   ..........               (no amulet)
HPRegen 0.26/turn                (no ring)
MPRegen 0.09/turn                (no ring)

@: no status effects
A: no striking features
a: no special abilities


You were on level 3 of the Dungeon.
You visited 1 branch of the dungeon, and saw 3 of its levels.

You collected 122 gold pieces.

Inventory:

Hand Weapons
 a - a +0 long sword (weapon)
Missiles
 o - 4 silver javelins (quivered)
Armour
 b - a +0 scale mail (worn)
 c - a +0 buckler (worn)
Jewellery
 f - an amulet of regeneration
Scrolls
 e - 2 scrolls of magic mapping {unknown}
 g - a scroll of immolation {unknown}
 h - 2 scrolls of teleportation {unknown}
 k - 3 scrolls of identify {unknown}
Potions
 d - a potion of magic {unknown}
 i - a potion of brilliance {unknown}
 j - a potion of ambrosia {unknown}
 l - a potion of lignification {unknown}
 m - a potion of attraction {unknown}
 n - a potion of mutation {unknown}


   Skills:
 - Level 3.1 Fighting
 + Level 5.0 Long Blades
 - Level 3.2 Armour
 - Level 3.0 Shields


You had 3 spell levels left.
You knew the following spells:

 Your Spells              Type           Power      Damage    Failure   Level
a - Slow                  Hex            0%         N/A       87%         1

Your spell library contained the following spells:

 Spells                   Type           Power      Damage    Failure   Level
 Confusing Touch          Hex            0%         N/A       99%         3
 Vampiric Draining        Necr           0%         2d6       99%         3


Dungeon Overview and Level Annotations

Branches:
Dungeon (3/15)

Altars:


Message History

The black bear bites you but does no damage.
The black bear misses you.
The black bear claws you but does no damage.
Unknown command.
You hit the black bear.
The black bear is moderately wounded.
The black bear bites you but does no damage.
The black bear claws you but does no damage.
You block the black bear's attack. The black bear bites you!
* * * LOW HITPOINT WARNING * * *
The black bear claws you but does no damage. x2
The black bear attacks as you move away!
The black bear bites you but does no damage.
The black bear claws you.
* * * LOW HITPOINT WARNING * * *
The black bear claws you but does no damage.
Things that are here:
a +0 club; a gnoll corpse The black bear attacks as you move away!
The black bear barely misses you. The black bear claws you.
* * * LOW HITPOINT WARNING * * *
You block the black bear's attack.
Items here: )) ††.
Okay, then.
The black bear attacks as you move away!
The black bear barely misses you.
The black bear claws you but does no damage. x2
The black bear attacks as you move away!
The black bear bites you but does no damage.
The black bear barely misses you. The black bear closely misses you.
The black bear attacks as you move away!
The black bear bites you.
* * * LOW HITPOINT WARNING * * *
The black bear claws you but does no damage.
The black bear barely misses you.
The black bear attacks as you move away!
You block the black bear's attack.
The black bear claws you but does no damage.
The black bear claws you.
You die...

########## ########
######........###.......
........h@........##
#######.########...#####
♣.♣♣ #........ ♣♣.♣♣
#...#.### ♣♣.♣ ##....#
♣.♣ #....## ♣.♣
##....#### ♣.♣
#.........# ♣)♣
#<...._##.#


You could see a black bear.

Vanquished Creatures
  Robin (D:2)
  3 gnolls (D:3)
  4 adders
  3 dart slugs
  3 bats (D:1)
  3 endoplasms
  A giant cockroach (D:1)
  9 goblins
  10 hobgoblins
  3 jackals (D:1)
  6 kobolds
  2 quokkas (D:2)
  3 ball pythons
  A frilled lizard (D:2)
  6 rats
58 creatures vanquished.

Notes
Turn   | Place    | Note
-------+----------+-------------------------------------------
     0 | D:1      | Tocho the Human Fighter began the quest for the Orb.
     0 | D:1      | Reached XP level 1. HP: 18/18 MP: 1/1
    67 | D:1      | Reached XP level 2. HP: 18/24 MP: 2/2
   306 | D:1      | Reached XP level 3. HP: 22/29 MP: 3/3
   310 | D:1      | Reached skill level 3 in Long Blades
   931 | D:2      | Learned a level 1 spell: Slow
   937 | D:2      | Reached XP level 4. HP: 35/35 MP: 4/4
   945 | D:2      | Noticed Robin
   979 | D:2      | Reached skill level 4 in Long Blades
   987 | D:2      | Killed Robin
  1397 | D:2      | Reached XP level 5. HP: 41/41 MP: 5/5
  1484 | D:3      | Found a faded altar of an unknown god.
  1597 | D:3      | Reached skill level 5 in Long Blades
  1614 | D:3      | Noticed a black bear
  1623 | D:3      | HP: 2/41 [black bear (2)]
  1630 | D:3      | HP: 1/41 [black bear (2)]
  1633 | D:3      | Slain by a black bear

Illustrated notes

Levels and vault maps discovered:
D:1:      dpeg_arrival_short_road, layout_basic, nrook_uturn
D:2:      layout_rooms, uniq_robin
D:3:      kb_forest_paths, layout_basic, mainiacjoe_overflow_surrounded_room,
          lemuel_tele_altar, basic_ecumenical_altar, hangedman_decor_push,
          minmay_misc_feat_iff

Skill      XL: |  1  2  3  4  5 |
---------------+----------------+-----
Long Blades    | 3 4 5 |  5.0
Fighting       | |  3.1
Armour         | |  3.2
Shields        | |  3.0

Action                   |  1- 3 |  4- 6 || total
-------------------------+-------+-------++-------
Melee: Long sword        |   119 |    93 ||   212
Throw: Javelin           |       |     2 ||     2
  Use: Potion            |       |     1 ||     1
Armor: Scale mail        |    73 |    67 ||   140
Dodge: Dodged            |    77 |    42 ||   119
Block: Buckler           |    41 |    29 ||    70

Table legend: (Time is in decaauts)
 A = Elapsed time spent in this place.
 B = Non-inter-level travel time spent in this place.
 C = Inter-level travel time spent in this place.
 D = Time resting spent in this place.
 E = Time spent auto-exploring this place.
 F = Levels seen in this place.
 G = Mean time per level.
                   A        B        C        D        E       F      G
               +--------+--------+--------+--------+--------+-----+--------+
         Total |   1692 |   1658 |     34 |    261 |    897 |   3 |  564.0 |
       Dungeon |   1692 |   1658 |     34 |    261 |    897 |   3 |  564.0 |
               +--------+--------+--------+--------+--------+-----+--------+

Top non-repeatable levels by time:
     D:1: 899 daAuts
     D:2: 635 daAuts
     D:3: 156 daAuts
